 Dungeon Crawl Stone Soup version 0.19.0-18-g426998a (webtiles) character file.

882 lorenzova the Fighter (level 7, -9/103 HPs)
             Began as a Minotaur Berserker on Nov 12, 2016.
             Was an Elder of Trog.
             Mangled by Duvessa
             ... wielding a +4 rapier of protection
              (11 damage)
             ... on level 5 of the Dungeon.
             The game lasted 00:07:00 (4370 turns).

lorenzova the Fighter (Minotaur Berserker)          Turns: 4370, Time: 00:07:01

Health: -9/103     AC:  9    Str: 28    XL:     7   Next: 76%
Magic:  6/6        EV: 11    Int:  4    God:    Trog [****..]
Gold:   367        SH:  0    Dex: 14    Spells: 0 memorised, 6 levels left

rFire  . . .     SeeInvis .     u - +1 hand axe (elec)
rCold  . . .     Gourm    .     s - +1 scale mail
rNeg   . . .     Faith    .     (no shield)
rPois  .         Spirit   .     (helmet restricted)
rElec  .         Reflect  .     (no cloak)
rCorr  .         Harm     .     (no gloves)
MR     .....                    (no boots)
Stlth  ..........               (no amulet)
                                q - +4 ring of dexterity
                                k - ring of stealth

@: berserking, starving, very quick
A: retaliatory headbutt, horns 2
a: Berserk, Trog's Hand, Brothers in Arms, Burn Spellbooks, Renounce Religion


You were on level 5 of the Dungeon.
You worshipped Trog.
Trog was greatly pleased with you.
You were starving.

You visited 1 branch of the dungeon, and saw 5 of its levels.

You collected 367 gold pieces.

Inventory:

Hand Weapons
 a - a +0 hand axe
 u - a +1 hand axe of electrocution (weapon)
Armour
 b - a +0 animal skin
 s - a +1 scale mail (worn)
Jewellery
 k - a ring of stealth (left hand)
 q - a +4 ring of dexterity (right hand)
 r - an uncursed ring of fire
 C - an uncursed amulet of faith
Scrolls
 d - a scroll of enchant armour
 h - 2 scrolls of teleportation
 i - a scroll of identify
 m - a scroll of recharging {unknown}
 o - a scroll of blinking {unknown}
 p - a scroll of random uselessness
 t - 2 scrolls of immolation
 v - a scroll of amnesia {unknown}
 w - 2 scrolls of enchant weapon {unknown}
Potions
 e - a potion of degeneration {unknown}
 g - a potion of brilliance {unknown}
 n - a potion of curing {unknown}
 x - a potion of lignification {unknown}
 z - a potion of agility {unknown}
 A - 2 potions of mutation {unknown}
 B - a potion of heal wounds {unknown}
Comestibles
 c - 4 bread rations
 f - 2 slices of pizza
 j - 2 fruits
 l - a beef jerky


   Skills:
 + Level 8.3 Fighting
 - Level 3.6 Axes
 + Level 7.9 Armour
 - Level 2.1 Dodging


You had 6 spell levels left.
You didn't know any spells.

Dungeon Overview and Level Annotations

Branches:
Dungeon (5/15)
 Temple: D:4-7

Altars:
Dithmenos
Fedhas
Gozag
Hepliaklqana
Makhleb
Nemelex Xobeh
Vehumet
Xom
Zin
The Shining One

Shops:
D:2 *

Annotations:
D:5 1 runed door, Duvessa


Innate Abilities, Weirdness & Mutations

You reflexively headbutt those who attack you in melee.
You have a pair of horns on your head.


Message History

Duvessa hits you with a rapier of protection!
* * * LOW HITPOINT WARNING * * *
You completely miss Duvessa.
Duvessa is lightly wounded.
Duvessa hits you with a rapier of protection!
* * * LOW HITPOINT WARNING * * *
You closely miss Duvessa.
Duvessa is lightly wounded.
Duvessa hits you with a rapier of protection!
* * * LOW HITPOINT WARNING * * *
You hit Duvessa but do no damage.
There is a sudden explosion of sparks!
Duvessa is moderately wounded.
Duvessa hits you but does no damage.
You hit Duvessa but do no damage.
There is a sudden explosion of sparks!
Duvessa is severely wounded.
Duvessa misses you. Duvessa hits you but does no damage.
You closely miss Duvessa.
Duvessa is severely wounded.
Duvessa hits you with a rapier of protection!
You die...

##### #. #..(# .#
##.#### ##.#.###.#..
...... # ...#........
(....# .# ....##.....#
#.##.# .#
.........#.###.##.#..#
#............#.##.#..#
#...............@h...#
....#......#...##e..##
#.............###.).#
....#......##.###...#
....#.................
....###............####
....##############.#
..........# .#
....#####.# .#


You could see Duvessa (berserk) and a howler monkey.

Vanquished Creatures
  Grinder (D:4)
  An ogre (D:4)
  Dowan (D:5)
  A hound (D:4)
  3 orc priests (D:4)
  2 orc wizards (D:4)
  Natasha (D:3)
  3 worker ants (D:4)
  A killer bee zombie (D:4)
  11 adders
  4 gnolls (D:3)
  3 oozes
  2 worms (D:2)
  A dart slug (D:4)
  3 leopard geckos
  14 orcs
  9 giant cockroaches
  9 goblins
  11 hobgoblins
  9 jackals
  2 quokkas
  10 bats
  4 frilled lizards
  9 kobolds
  A leopard gecko skeleton (D:5)
  6 rats
122 creatures vanquished.

Notes
Turn   | Place    | Note
-------+----------+-------------------------------------------
     0 | D:1      | lorenzova the Minotaur Berserker began the quest for the Orb.
     0 | D:1      | Reached XP level 1. HP: 19/19 MP: 0/0
    90 | D:1      | Reached XP level 2. HP: 22/27 MP: 1/1
   365 | D:1      | Reached skill level 4 in Fighting
   518 | D:2      | Found Gozag's Platinum Reserve.
   526 | D:2      | Found an opulent altar of Gozag.
   528 | D:2      | Reached XP level 3. HP: 31/33 MP: 2/2
   586 | D:2      | Reached ** piety under Trog
   810 | D:2      | Reached XP level 4. HP: 35/41 MP: 3/3
  1135 | D:2      | Reached skill level 5 in Fighting
  1139 | D:2      | Found a burning altar of Makhleb.
  1257 | D:2      | Found a hazy altar of Hepliaklqana.
  1266 | D:2      | Found a glowing silver altar of Zin.
  1267 | D:2      | Found a shimmering altar of Xom.
  1462 | D:3      | Found a glowing golden altar of the Shining One.
  1823 | D:3      | Found a blossoming altar of Fedhas.
  1893 | D:3      | Noticed Natasha
  1905 | D:3      | Killed Natasha
  1905 | D:3      | Reached skill level 5 in Armour
  1905 | D:3      | Reached XP level 5. HP: 36/48 MP: 4/4
  1993 | D:3      | Found a radiant altar of Vehumet.
  2017 | D:3      | Reached *** piety under Trog
  2418 | D:3      | Reached skill level 6 in Fighting
  2627 | D:4      | Found a shadowy altar of Dithmenos.
  2637 | D:4      | Noticed Grinder
  2639 | D:4      | Paralysed by Grinder for 4 turns
  2679 | D:4      | Killed Grinder
  2679 | D:4      | Reached skill level 7 in Fighting
  2679 | D:4      | Reached XP level 6. HP: 15/60 MP: 5/5
  2991 | D:4      | Found a sparkling altar of Nemelex Xobeh.
  3082 | D:4      | Reached XP level 7. HP: 58/66 MP: 6/6
  3470 | D:4      | Reached **** piety under Trog
  3960 | D:4      | Reached skill level 8 in Fighting
  4166 | D:5      | Entered Level 5 of the Dungeon
  4321 | D:5      | Found a runed door.
  4351 | D:5      | Noticed Duvessa
  4354 | D:5      | Noticed Dowan
  4360 | D:5      | Killed Dowan
  4367 | D:5      | HP: 1/103 [Duvessa/rapier of protection (10)]
  4370 | D:5      | Mangled by Duvessa

Skill      XL: |  1  2  3  4  5  6  7 |
---------------+----------------------+-----
Armour         | 3 4 5 6 7 |  7.9
Fighting       | 4 5 7 8 |  8.3
Axes           | |  3.6
Dodging        | |  2.1

Action                   |  1- 3 |  4- 6 |  7- 9 || total
-------------------------+-------+-------+-------++-------
Melee: Hand axe          |    75 |   142 |    56 ||   273
       Headbutt          |    15 |    23 |     9 ||    47
Invok: Berserk           |       |       |     2 ||     2
  Use: Scroll            |       |       |     6 ||     6
 Stab: Sleeping          |     1 |       |       ||     1
  Eat: Chunk             |       |     7 |     2 ||     9
       Beef jerky        |       |       |     1 ||     1
Armor: Animal skin       |    19 |    11 |       ||    30
       Scale mail        |       |    27 |    20 ||    47
Dodge: Dodged            |    39 |    60 |    24 ||   123
